[Event "Titled Tuesday Blitz May 31 Early 2022"]
[White "Fedoseev, Vladimir"]
[Black "Bluebaum, Matthias"]
[WhiteFideId "24130737"]
[BlackFideId "24651516"]
[WhiteElo "2726"]
[BlackElo "2556"]
[Result "1-0"]
[Round "05"]
[TimeControl "180+1"]
[Date "2022.05.31"]
[WhiteClock "0:01:04"]
[BlackClock "0:00:19"]

1. e4 e5 2. Nf3 Nf6 3. Nxe5 d6 4. Nd3 Nxe4 5. Nf4 Nc6 6. d4 d5 7. c3 Be7 8. Bd3 O-O 9. O-O Nf6 10. Nd2 Bg4 11. Nf3 Qd7 12. h3 Bxf3 13. Qxf3 Rae8 14. Nh5 Nd8 15. Ng3 Ne6 16. Nf5 Rd8 17. Bd2 Rfe8 18. Rae1 Bf8 19. Nh6+ Kh8 20. Qf5 c5 21. Ng4 Ne4 22. Ne5 g6 23. Qxf7 Re7 24. Nxd7 Rxf7 25. Nxf8 Rdxf8 26. Bxe4 dxe4 27. Rxe4 Rf6 28. d5 Ng7 29. c4 Nf5 30. Bc3 Nd4 31. Rxd4 cxd4 32. Bxd4 Kg8 33. Bxf6 Rxf6 34. f4 Kf7 35. g3 Ke7 36. Re1+ Kd6 37. Re6+ Rxe6 38. dxe6 Kxe6 39. Kf2 Kf5 40. Kf3 g5 41. g4+ Kf6 42. f5 Ke5 43. c5 h5 44. b4 h4 45. b5 Kd5 46. f6 Ke6 47. c6 bxc6 48. bxc6 1-0


[Site "https://www.chess.com"]

[Event "Titled Tuesday Blitz May 31 Early 2022"]
[White "Gaehwiler, Gabriel"]
[Black "Reprintsev, Alexander"]
[WhiteFideId "1314530"]
[BlackFideId "14100541"]
[WhiteElo "2383"]
[BlackElo "2108"]
[Result "1-0"]
[Round "05"]
[TimeControl "180+1"]
[Date "2022.06.01"]
[WhiteClock "0:00:07"]
[BlackClock "0:00:03"]

1. d4 d5 2. c4 e5 3. e3 exd4 4. exd4 Nf6 5. Nf3 Nc6 6. Nc3 Bb4 7. h3 O-O 8. Be3 Bf5 9. Be2 dxc4 10. Bxc4 Ne4 11. Rc1 Nxc3 12. bxc3 Ba3 13. Rc2 Bxc2 14. Qxc2 h6 15. Bxh6 Re8+ 16. Kf1 Na5 17. Ng5 Nxc4 18. Qh7+ Kf8 19. Qxg7+ Ke7 20. Qxf7+ Kd6 21. Qxc4 Qf6 22. Nf7+ Kd7 23. Qa4+ c6 24. Ne5+ Kc7 25. Be3 Bd6 26. Ng4 Qf5 27. Qd1 Re4 28. Qf3 Qxf3 29. gxf3 Re6 30. h4 Rh8 31. h5 b6 32. h6 c5 33. Kg2 Rh7 34. d5 Rg6 35. Kf1 Kd7 36. c4 Ke7 37. Ke2 Kf8 38. Rh5 Be7 39. Rf5+ Kg8 40. Ne5 Rgxh6 41. Bxh6 Rxh6 42. Ng4 Rd6 43. Re5 Kf7 44. Kd3 Rg6 45. Rf5+ Ke8 46. Ne3 Rg1 47. Re5 Kd7 48. f4 Ra1 49. Re6 Rxa2 50. f3 Ra3+ 51. Ke4 Bh4 52. Nf5 Bf2 53. Re7+ Kd8 54. Rh7 Rc3 55. d6 Rxc4+ 56. Kd5 Rxf4 57. Kc6 Ke8 58. d7+ Kf8 59. d8=Q# 1-0


[Site "https://www.chess.com"]

[Event "Titled Tuesday Blitz May 31 Early 2022"]
[White "Gallo Garcia, Kemel Antonio"]
[Black "Pakleza, Zbigniew"]
[WhiteFideId "3523896"]
[BlackFideId "1119290"]
[WhiteElo "2359"]
[BlackElo "2467"]
[Result "1-0"]
[Round "05"]
[TimeControl "180+1"]
[Date "2022.06.01"]
[WhiteClock "0:00:04"]
[BlackClock "0:00:02"]

1. e4 d6 2. d4 Nf6 3. Nc3 c6 4. f4 Qb6 5. a3 e5 6. Nf3 Nbd7 7. Bc4 exd4 8. Nxd4 Nc5 9. Qe2 Be7 10. Nf3 O-O 11. b4 Ncxe4 12. Nxe4 Nxe4 13. Qxe4 Bf6 14. Be3 d5 15. Bxb6 dxe4 16. Bd4 exf3 17. Bxf6 fxg2 18. Rg1 gxf6 19. Rxg2+ Kh8 20. O-O-O a5 21. bxa5 Bf5 22. a6 b5 23. Bb3 Rxa6 24. Rd6 Bg6 25. Rxf6 Rd8 26. f5 Bh5 27. Rg5 Rd1+ 28. Kb2 c5 29. Rxa6 c4 30. Ra8+ Rd8 31. Rxd8# 1-0


[Site "https://www.chess.com"]

[Event "Titled Tuesday Blitz May 31 Early 2022"]
[White "Girsh, Daniel"]
[Black "Oparin, Grigoriy"]
[WhiteFideId "30949190"]
[BlackFideId "24125890"]
[WhiteElo "2469"]
[BlackElo "2665"]
[Result "0-1"]
[Round "05"]
[TimeControl "180+1"]
[Date "2022.05.31"]
[WhiteClock "0:00:20"]
[BlackClock "0:01:20"]

1. d4 e6 2. c4 b6 3. Nc3 Bb7 4. e4 Bb4 5. Qc2 Qh4 6. Bd3 Nf6 7. g3 Qh5 8. f3 Nc6 9. Be3 e5 10. dxe5 Qxe5 11. Ne2 O-O 12. O-O Bc5 13. Qd2 Rfe8 14. Rae1 Rad8 15. Nf4 Bxe3+ 16. Qxe3 Nd4 17. Nfd5 Bxd5 18. cxd5 c5 19. f4 Qh5 20. Qf2 d6 21. Qg2 Re7 22. h3 Rde8 23. g4 Qh4 24. g5 Nh5 25. Qg4 Qg3+ 26. Qxg3 Nxg3 27. Re3 Nxf1 28. Kxf1 f5 29. gxf6 gxf6 30. Kf2 Rg7 31. Bb5 Rf8 32. Bc6 Kh8 33. Nb5 Nxb5 34. Bxb5 Rfg8 35. Rf3 Rg2+ 36. Ke3 Rxb2 37. Bc6 Rxa2 38. e5 Ra3+ 39. Ke4 f5+ 40. Kxf5 Rxf3 41. exd6 Re3 42. d7 Rd8 43. Kf6 c4 44. d6 c3 45. Be4 Rxe4 0-1


[Site "https://www.chess.com"]

[Event "Titled Tuesday Blitz May 31 Early 2022"]
[White "Gunina, Valentina"]
[Black "Vidit, Santosh Gujrathi"]
[WhiteFideId "4167570"]
[BlackFideId "5029465"]
[WhiteElo "2381"]
[BlackElo "2654"]
[Result "1-0"]
[Round "05"]
[TimeControl "180+1"]
[Date "2022.05.31"]
[WhiteClock "0:00:17"]
[BlackClock "0:00:13"]

1. d4 e6 2. c4 f5 3. Nf3 Nf6 4. e3 b6 5. Be2 Bb7 6. Nc3 g6 7. O-O Bg7 8. b4 O-O 9. Bb2 d6 10. d5 exd5 11. cxd5 Ne4 12. Qb3 Nd7 13. Nxe4 Bxb2 14. Nxd6 Bxa1 15. Nxb7 Qf6 16. d6+ Kg7 17. dxc7 Rac8 18. Nd8 Re8 19. Rc1 Rexd8 20. Ba6 Ne5 21. cxd8=Q Rxc1+ 22. Qdd1 Nxf3+ 23. gxf3 Rxd1+ 24. Qxd1 Kh6 25. f4 Bc3 26. a3 Qc6 27. Be2 Bb2 28. Qd8 Bf6 29. Qb8 Qc1+ 30. Kg2 Qxa3 31. Qf8+ Bg7 32. Qe7 Bc3 33. Qf8+ Bg7 34. Qd8 Bc3 35. Bc4 Qxb4 36. Bg8 Qe4+ 37. Kg3 Kg7 38. Bd5 Bf6 39. Qg8+ 1-0


[Site "https://www.chess.com"]

[Event "Titled Tuesday Blitz May 31 Early 2022"]
[White "Harris, Ian"]
[Black "Kairbekova, Amina"]
[WhiteFideId "2020092"]
[BlackFideId "13712799"]
[WhiteElo "2398"]
[BlackElo "1839"]
[Result "0-1"]
[Round "05"]
[TimeControl "180+1"]
[Date "2022.06.01"]
[WhiteClock "0:00:11"]
[BlackClock "0:00:11"]

1. e4 e5 2. Nf3 Nc6 3. d4 exd4 4. Bc4 Nf6 5. e5 d5 6. Bb5 Ne4 7. Nxd4 Bc5 8. Bxc6+ bxc6 9. O-O Ba6 10. Re1 O-O 11. f3 Ng5 12. Be3 Bb7 13. f4 Ne4 14. Nd2 Qd7 15. Nxe4 dxe4 16. c3 Rad8 17. Qc2 Qd5 18. a4 Ba6 19. Rad1 Bd3 20. Qf2 f5 21. b4 Bxd4 22. Bxd4 a6 23. a5 Qc4 24. Re3 Rfe8 25. Rh3 h6 26. Rg3 Re6 27. Rh3 Rg6 28. Kh1 Qb3 29. Rg1 Qe6 30. Rg3 Re8 31. Rxg6 Qxg6 32. Qh4 Bc4 33. g4 Bd5 34. Be3 fxg4 35. Rxg4 Qf5 36. Qg3 Re7 37. h3 Rf7 38. Kh2 Qd7 39. Rg6 Bc4 40. Bd4 Be6 41. h4 Bf5 42. Rxh6 c5 43. bxc5 Qb5 44. e6 Qe2+ 45. Qg2 Qxg2+ 46. Kxg2 Re7 47. Rh5 g6 48. Rg5 Rxe6 49. h5 Kf7 50. hxg6+ Rxg6 51. Rxg6 Bxg6 52. Kf2 Ke6 53. Ke3 Kd5 54. Be5 c6 55. Bd6 Bf5 56. Be7 Kc4 57. Bd8 Kxc3 58. Bb6 Kc4 59. Ke2 Kd4 60. Kd2 e3+ 61. Ke1 Bg4 62. Ba7 Ke4 63. Bb8 Kd5 64. Bd6 Kc4 65. Be7 Kb5 66. Bf6 Kxc5 67. Bd4+ Kxd4 0-1


[Site "https://www.chess.com"]

[Event "Titled Tuesday Blitz May 31 Early 2022"]
[White "Harsha Bharathakoti"]
[Black "Ning, Kaiyu"]
[WhiteFideId "5078776"]
[BlackFideId "8614750"]
[WhiteElo "2575"]
[BlackElo "2013"]
[Result "1-0"]
[Round "05"]
[TimeControl "180+1"]
[Date "2022.05.31"]
[WhiteClock "0:00:44"]
[BlackClock "0:00:01"]

1. Nf3 d5 2. b3 Bf5 3. Bb2 e6 4. g3 h6 5. Bg2 Nf6 6. O-O Be7 7. c4 O-O 8. d3 a5 9. Nc3 c6 10. Rc1 d4 11. Nb1 c5 12. Nbd2 a4 13. bxa4 Nc6 14. Rb1 Qa5 15. Bc1 Ra7 16. Rb5 Qc7 17. Nb3 b6 18. Bd2 e5 19. a5 Nxa5 20. Bxa5 bxa5 21. a4 Bd7 22. Nfd2 Bxb5 23. cxb5 Nd7 24. Nc4 Nb6 25. Nbd2 f5 26. Nxb6 Qxb6 27. Nc4 Qb8 28. Qb3 Kh8 29. b6 Rd7 30. Qb5 Rd6 31. Qxa5 e4 32. Qb5 Rg6 33. a5 exd3 34. exd3 f4 35. a6 fxg3 36. hxg3 Bd8 37. a7 Rxb6 38. axb8=Q Rxb5 39. Qxb5 1-0


[Site "https://www.chess.com"]

[Event "Titled Tuesday Blitz May 31 Early 2022"]
[White "Jaferian, Koosha"]
[Black "Zhigalko, Sergei"]
[WhiteFideId "12507440"]
[BlackFideId "13502956"]
[WhiteElo "2030"]
[BlackElo "2662"]
[Result "0-1"]
[Round "05"]
[TimeControl "180+1"]
[Date "2022.05.31"]
[WhiteClock "0:00:03"]
[BlackClock "0:00:07"]

1. Nf3 d5 2. b3 c6 3. Bb2 Bg4 4. g3 Nd7 5. Bg2 e6 6. d4 Ngf6 7. O-O Be7 8. e3 O-O 9. Nbd2 a5 10. c4 a4 11. h3 Bf5 12. Qe2 Qa5 13. Rfc1 h6 14. Bc3 Qa6 15. Bf1 Ba3 16. Re1 Bd6 17. Qd1 Qa7 18. c5 Bc7 19. b4 b5 20. cxb6 Qxb6 21. a3 Rfe8 22. Rc1 Bd6 23. Bb2 Ne4 24. Nxe4 Bxe4 25. Nd2 Bg6 26. Nb1 e5 27. dxe5 Nxe5 28. Bd4 Qb7 29. Nc3 Nc4 30. Bxc4 dxc4 31. Bxg7 Bxg3 32. fxg3 Kxg7 33. Qd4+ Kh7 34. Qxc4 Rad8 35. Qf4 Rd3 36. Nxa4 Rxa3 37. Nc5 Qe7 38. Kf2 Rd8 39. Re2 Rd6 40. Kg1 Rf6 41. Qd4 Rd6 42. Qf4 Rf6 43. Qd4 Ra8 44. Rf1 Rd6 45. Qf4 Re8 46. Nb7 Re6 47. Nc5 Re5 48. Ref2 Rxe3 49. Kg2 Re5 50. Qf6 Qxf6 51. Rxf6 Rc8 52. Rd6 Kg7 53. Rfd1 Re2+ 54. Kf3 Rb2 55. R1d4 Ra8 56. g4 Ra3+ 57. Kf4 Rf2+ 58. Ke5 Re2+ 59. Kf4 Rf2+ 60. Ke5 Re3+ 61. Ne4 Rfe2 62. Rxc6 Bxe4 63. Rc5 Bg2+ 64. Kd6 Bxh3 65. b5 Re6+ 66. Kc7 Rb2 67. Rdc4 Bf1 68. Rc1 Rxb5 69. Rxb5 Bxb5 70. Rb1 Bd3 71. Rg1 Bg6 72. g5 h5 0-1


[Site "https://www.chess.com"]

[Event "Titled Tuesday Blitz May 31 Early 2022"]
[White "Jumabayev, Rinat"]
[Black "Hasangatin, Ramil"]
[WhiteFideId "13702661"]
[BlackFideId "4122160"]
[WhiteElo "2561"]
[BlackElo "2399"]
[Result "1-0"]
[Round "05"]
[TimeControl "180+1"]
[Date "2022.05.31"]
[WhiteClock "0:00:06"]
[BlackClock "0:00:03"]

1. d4 Nf6 2. c4 d6 3. Nf3 g6 4. Nc3 Bf5 5. Qb3 Qc8 6. g3 c6 7. Bg2 Bg7 8. O-O Ne4 9. Re1 Nxc3 10. bxc3 Be4 11. Bf1 O-O 12. Ng5 Bf5 13. e4 Bg4 14. h3 Bd7 15. Kh2 c5 16. d5 Qc7 17. f4 Bc8 18. a4 Nd7 19. Bg2 Rb8 20. Ra2 a6 21. Bf1 Qb6 22. Rb2 Qxb3 23. Rxb3 Re8 24. Be3 Ra8 25. Reb1 Nf6 26. e5 dxe5 27. fxe5 Nd7 28. e6 Ne5 29. exf7+ Nxf7 30. Nxf7 Kxf7 31. Bxc5 Bf5 32. Re1 Rac8 33. Bd4 Rc7 34. a5 Bf6 35. Rb6 Rec8 36. g4 Bc2 37. Rb4 g5 38. Kg3 Bg6 39. Re3 h5 40. Be2 h4+ 41. Kf2 Rd7 42. Ke1 Rdc7 43. Kd2 Rd7 44. Bf1 Rdc7 45. Kc1 Rd7 46. Kb2 Rdc7 47. Kb3 Rd7 48. Rb6 Rdc7 49. Kb4 Rd7 50. Bg2 Bc2 51. c5 Bg6 52. Rbe6 Rdc7 53. d6 Rd7 54. Bd5 Kg7 55. Rxe7+ Rxe7 56. Rxe7+ Kf8 57. Bxf6 1-0


[Site "https://www.chess.com"]

[Event "Titled Tuesday Blitz May 31 Early 2022"]
[White "Kalashian, David"]
[Black "Ider, Borya"]
[WhiteFideId "13302418"]
[BlackFideId "4901134"]
[WhiteElo "2490"]
[BlackElo "2512"]
[Result "0-1"]
[Round "05"]
[TimeControl "180+1"]
[Date "2022.06.01"]
[WhiteClock "0:00:09"]
[BlackClock "0:00:05"]

1. d4 e6 2. c4 d5 3. Nf3 Nf6 4. Nc3 Nbd7 5. c5 b6 6. Bf4 Nh5 7. Bg5 f6 8. c6 fxg5 9. cxd7+ Bxd7 10. e3 Bd6 11. Bd3 g4 12. Ne5 Bxe5 13. dxe5 Qg5 14. h3 gxh3 15. Rxh3 g6 16. g4 d4 17. Ne4 Qxe5 18. gxh5 O-O-O 19. exd4 Qg7 20. h6 Qe7 21. Qe2 Kb8 22. O-O-O Bc6 23. Bc2 Rhf8 24. Kb1 Rf4 25. a3 Qf8 26. Rc3 Bd5 27. f3 Qxh6 28. Rc1 Qg7 29. Qe3 Rdf8 30. Qd2 Rxf3 31. Rxf3 Rxf3 32. Qb4 Rf4 33. Nc3 Rxd4 34. Qb5 c6 35. Qa6 Qb7 36. Qe2 Qd7 37. Qe5+ Kb7 38. Nxd5 Rxd5 39. Qe3 e5 40. Be4 Rd6 41. Ka1 Qe6 42. Qg5 h5 43. Qe3 Qf6 44. Qg3 g5 45. Qg2 h4 46. Qh1 g4 47. Qe1 g3 48. Qh1 Kc7 49. Rf1 Qe7 50. Qf3 c5 51. Qh5 Rd7 52. Rf5 Qe6 53. Rf1 h3 54. Qe2 g2 55. Rc1 Qh6 56. Qa6 Qxc1+ 57. Ka2 Kd6 58. Qc8 Qc4+ 59. Kb1 Qxe4+ 60. Ka2 Qc4+ 61. Ka1 g1=Q# 0-1


[Site "https://www.chess.com"]

[Event "Titled Tuesday Blitz May 31 Early 2022"]
[White "Kamsky, Gata"]
[Black "Eljanov, Pavel"]
[WhiteFideId "2000024"]
[BlackFideId "14102951"]
[WhiteElo "2645"]
[BlackElo "2601"]
[Result "0-1"]
[Round "05"]
[TimeControl "180+1"]
[Date "2022.05.31"]
[WhiteClock "0:00:01"]
[BlackClock "0:00:11"]

1. d4 Nf6 2. Nf3 e6 3. Bf4 c5 4. e3 d5 5. c3 Bd6 6. Bb5+ Nc6 7. Bxc6+ bxc6 8. Bxd6 Qxd6 9. Qa4 O-O 10. Nbd2 Nd7 11. Qa3 Re8 12. Nb3 e5 13. Nxc5 e4 14. Nd2 Qg6 15. Rg1 Nf6 16. Qa4 Ng4 17. h3 Nh6 18. O-O-O Nf5 19. g3 a5 20. Ndb3 Ba6 21. Nxa5 Bb5 22. Qa3 Nd6 23. b4 Nc4 24. Qb3 Nxa5 25. bxa5 Rxa5 26. a4 Bxa4 27. Nxa4 Rea8 28. Nc5 Qf6 29. Rgf1 Ra3 30. Qb7 Qf3 31. Rd2 h5 32. Nb3 Ra1+ 33. Nxa1 Rxa1+ 34. Kc2 Rxf1 35. Qxc6 Rxf2 36. Qxd5 Qxe3 37. Rxf2 Qxf2+ 38. Kb3 e3 0-1


[Site "https://www.chess.com"]

[Event "Titled Tuesday Blitz May 31 Early 2022"]
[White "Keymer, Vincent"]
[Black "Vasquez Schroeder, Rodrigo"]
[WhiteFideId "12940690"]
[BlackFideId "3400042"]
[WhiteElo "2548"]
[BlackElo "2567"]
[Result "1-0"]
[Round "05"]
[TimeControl "180+1"]
[Date "2022.05.31"]
[WhiteClock "0:00:21"]
[BlackClock "0:01:12"]

1. Nf3 c5 2. c4 Nf6 3. Nc3 e6 4. g3 b6 5. Bg2 Bb7 6. O-O a6 7. d4 cxd4 8. Qxd4 d6 9. Bg5 Nbd7 10. Qd2 Qc7 11. Rfd1 Rd8 12. b3 Be7 13. Rac1 O-O 14. Bf4 Nc5 15. Be3 Rc8 16. Nd4 Bxg2 17. Kxg2 Qb7+ 18. f3 Rfd8 19. Bf2 d5 20. cxd5 Nxd5 21. Nxd5 Rxd5 22. b4 Na4 23. Rxc8+ Qxc8 24. Rc1 Qd7 25. Qc2 h6 26. Nc6 b5 27. e4 Rd6 28. Ne5 Qb7 29. Qc8+ Qxc8 30. Rxc8+ Rd8 31. Nc6 Rxc8 32. Nxe7+ Kf8 33. Nxc8 Nc3 34. a3 Nb1 35. Na7 Nxa3 36. Nc6 Nc2 37. Bc5+ Ke8 38. Kf2 Na1 39. Na5 Nc2 40. Ke2 Kd7 41. Kd2 Na3 42. Kc3 Nb1+ 43. Kc2 Na3+ 44. Kb2 1-0


[Site "https://www.chess.com"]

[Event "Titled Tuesday Blitz May 31 Early 2022"]
[White "Kostiukov, Alexandr"]
[Black "Ambartsumova, Karina"]
[WhiteFideId "14108100"]
[BlackFideId "4166299"]
[WhiteElo "2202"]
[BlackElo "2262"]
[Result "0-1"]
[Round "05"]
[TimeControl "180+1"]
[Date "2022.06.01"]
[WhiteClock "0:00:01"]
[BlackClock "0:00:05"]

1. g3 Nf6 2. Bg2 g6 3. c4 Bg7 4. Nf3 O-O 5. O-O d6 6. d4 c6 7. Nc3 Bf5 8. Ng5 e5 9. e4 Bg4 10. f3 Bd7 11. d5 h6 12. Nh3 cxd5 13. cxd5 b5 14. a3 Qb6+ 15. Kh1 Na6 16. Qe2 b4 17. Be3 Qb7 18. axb4 Nxb4 19. Ra5 a6 20. Rfa1 Rfc8 21. Nf2 Ne8 22. Bh3 Bxh3 23. Nxh3 Kh7 24. Nf2 Bf6 25. h4 Bd8 26. R5a4 h5 27. Nh3 a5 28. Ng5+ Kg8 29. g4 Ng7 30. Rg1 Bb6 31. Qb5 Rcb8 32. Bxb6 Qxb6 33. Qxb6 Rxb6 34. Rga1 Rba6 35. Nb5 Ne8 36. gxh5 Nd3 37. hxg6 fxg6 38. R1a2 Nc5 39. R4a3 a4 40. Nc3 Kg7 41. Ne6+ Nxe6 42. dxe6 Kf6 43. Nd5+ Kxe6 44. Nb4 Rb6 45. Rxa4 Rxa4 46. Rxa4 Nc7 47. Kg2 Rb7 48. Kg3 Kd7 49. Kg4 Ne6 50. Nd5 Rxb2 51. Ra7+ Kd8 52. Nf6 Rg2+ 53. Kh3 Nf4# 0-1


[Site "https://www.chess.com"]

[Event "Titled Tuesday Blitz May 31 Early 2022"]
[White "Kozlov, Oleg"]
[Black "Bortnyk, Olexandr"]
[WhiteFideId "4104544"]
[BlackFideId "14120828"]
[WhiteElo "2132"]
[BlackElo "2723"]
[Result "0-1"]
[Round "05"]
[TimeControl "180+1"]
[Date "2022.05.31"]
[WhiteClock "0:00:07"]
[BlackClock "0:00:27"]

1. d4 d6 2. c4 e5 3. Nf3 e4 4. Nfd2 f5 5. e3 g6 6. Nc3 Bh6 7. b3 Nf6 8. Bb2 O-O 9. Be2 c6 10. Qc2 d5 11. O-O-O Be6 12. Rdg1 a5 13. a3 b5 14. c5 b4 15. axb4 axb4 16. Na4 Nbd7 17. h3 f4 18. Nf1 Qc7 19. g4 fxg3 20. fxg3 Ne8 21. Rg2 Qd8 22. Qd2 Nc7 23. g4 Qh4 24. Kd1 Bg5 25. Qe1 Nb5 26. Qxh4 Bxh4 27. Kd2 Nc3 28. Bxc3 bxc3+ 29. Kxc3 Rab8 30. Nd2 Bf2 31. b4 Bxe3 32. Nb3 Kg7 33. Nb2 Ra8 34. Na5 Nxc5 35. dxc5 d4+ 36. Kc2 d3+ 37. Nxd3 exd3+ 38. Bxd3 Bd5 39. Re2 Bxc5 40. Rb1 Bxb4 41. Nxc6 Ra2+ 42. Kd1 Rf1+ 0-1


[Site "https://www.chess.com"]

[Event "Titled Tuesday Blitz May 31 Early 2022"]
[White "Kuznetsov, Mikhail"]
[Black "Atanejhad, Sahebali"]
[WhiteFideId "4117190"]
[BlackFideId "12506664"]
[WhiteElo "1981"]
[BlackElo "1953"]
[Result "1-0"]
[Round "05"]
[TimeControl "180+1"]
[Date "2022.06.01"]
[WhiteClock "0:00:03"]
[BlackClock "0:00:06"]

1. Nf3 Nf6 2. g3 c5 3. Bg2 g6 4. O-O Bg7 5. d4 cxd4 6. Nxd4 O-O 7. c4 Nc6 8. Nc3 Nxd4 9. Qxd4 Qa5 10. b3 d6 11. Bb2 Qh5 12. Nd5 Re8 13. Nc7 Bh3 14. Nxa8 Rxa8 15. Qh4 Qxh4 16. gxh4 Bxg2 17. Kxg2 Rc8 18. Bxf6 Bxf6 19. Rad1 Bxh4 20. Rd5 a6 21. a4 Bf6 22. Rfd1 h5 23. f4 Rc6 24. e4 Kf8 25. e5 dxe5 26. fxe5 Bh4 27. Rd7 Rb6 28. R1d3 Re6 29. Rxb7 Rxe5 30. b4 Re4 31. c5 Rc4 32. Rb6 g5 33. c6 g4 34. b5 axb5 35. axb5 Rc2+ 36. Kf1 Rf2+ 37. Ke1 Rxh2+ 38. Kd1 g3 39. Rb8+ Kg7 40. Rxg3+ Bxg3 41. b6 Bxb8 42. c7 Bxc7 43. bxc7 Rh1+ 44. Kc2 Rh2+ 45. Kb3 Rh3+ 46. Kb4 Rh4+ 47. Kb5 Rd4 48. c8=Q Rd6 49. Qh3 Kg6 50. Kc5 Re6 51. Kd5 Kg5 52. Qg3+ Kf6 53. Kd4 Kf5 54. Qf3+ Kg6 55. Qf4 Rf6 56. Qg3+ Kh6 57. Ke4 Re6+ 58. Kd5 Rg6 59. Qf4+ Kg7 60. Ke5 Re6+ 61. Kd5 Rd6+ 62. Kc5 Rf6 63. Qg5+ Rg6 64. Qxh5 Re6 65. Kd4 Kf6 66. Qh6+ Kf5 67. Qh7+ Kf6 68. Kd3 Rd6+ 69. Ke4 Ke6 70. Qf5# 1-0


[Site "https://www.chess.com"]

[Event "Titled Tuesday Blitz May 31 Early 2022"]
[White "Maevsky, Nikolay"]
[Black "Bas Mas, Jose Joaquin"]
[WhiteFideId "4198220"]
[BlackFideId "22219064"]
[WhiteElo "2149"]
[BlackElo "2233"]
[Result "1/2-1/2"]
[Round "05"]
[TimeControl "180+1"]
[Date "2022.06.01"]
[WhiteClock "0:00:06"]
[BlackClock "0:00:19"]

1. d4 f5 2. Bg5 Nf6 3. Bxf6 exf6 4. c4 d5 5. cxd5 Qxd5 6. Nc3 Bb4 7. e3 c6 8. Ne2 g5 9. a3 Bxc3+ 10. Nxc3 Qf7 11. h4 Be6 12. Be2 g4 13. Bd3 Nd7 14. Rc1 Nb6 15. b4 g3 16. fxg3 Rg8 17. Ne2 Nd5 18. Qd2 Qh5 19. O-O Kf7 20. Rf3 f4 21. Nxf4 Nxf4 22. exf4 Bd5 23. Re3 Rg7 24. Rce1 Kg8 25. Qe2 Qxe2 26. R1xe2 a5 27. b5 Rf7 28. Re8+ Rf8 29. Rxa8 Rxa8 30. bxc6 bxc6 31. Re7 Rb8 32. Bxh7+ Kf8 33. Re2 Rb3 34. Kh2 Rxa3 35. g4 Ra4 36. g5 Rxd4 37. Kg3 fxg5 38. hxg5 a4 39. Bb1 Bc4 40. Rf2 a3 41. Ba2 Bxa2 42. Rxa2 Rd3+ 43. Kg4 c5 44. f5 c4 45. f6 Kf7 46. Kf5 Rd5+ 47. Kf4 Ra5 48. Ke4 Kg6 49. Kd4 Ra4 50. Kc3 Kxg5 51. f7 Ra8 52. Rf2 Rf8 53. Kxc4 a2 54. Rxa2 Rxf7 55. Kd3 Kg4 56. Ke4 Re7+ 57. Kd4 Kg3 58. Kd5 Re1 59. Kd4 Rg1 60. Ke4 Rxg2 61. Rxg2+ Kxg2 1/2-1/2


[Site "https://www.chess.com"]

[Event "Titled Tuesday Blitz May 31 Early 2022"]
[White "Maghsoodloo, Parham"]
[Black "Vovk, Orest"]
[WhiteFideId "12539929"]
[BlackFideId "14113490"]
[WhiteElo "2630"]
[BlackElo "2203"]
[Result "1-0"]
[Round "05"]
[TimeControl "180+1"]
[Date "2022.05.31"]
[WhiteClock "0:01:10"]
[BlackClock "0:00:17"]

1. e4 g5 2. d4 g4 3. Nc3 Bg7 4. Bc4 c5 5. dxc5 Bxc3+ 6. bxc3 Qa5 7. Ne2 Qxc5 8. Qd4 Qxd4 9. cxd4 d6 10. f3 Nc6 11. a3 Nf6 12. Bd3 gxf3 13. gxf3 Rg8 14. Be3 Bh3 15. Nf4 Bg2 16. Nxg2 Rxg2 17. Kf1 Rg8 18. Kf2 O-O-O 19. Rhg1 Rxg1 20. Rxg1 Rg8 21. Rxg8+ Nxg8 22. f4 e6 23. d5 exd5 24. exd5 Nce7 25. c4 Nf6 26. Bxa7 h6 27. Bd4 Ng4+ 28. Kg3 h5 29. Bg7 Ne3 30. Kf3 N3f5 31. Bf6 Kd7 32. a4 Nh6 33. Kg3 Nef5+ 34. Kh3 Ne3 35. Bd4 Nhf5 36. Bxe3 Nxe3 37. Kh4 Ng2+ 38. Kg5 f6+ 39. Kxf6 Nxf4 40. Bf5+ Kc7 41. Kg5 Ng2 42. Kxh5 Kb6 43. Be4 Ne3 44. Kg5 Nxc4 45. h4 Ne5 46. h5 Ka5 47. Bg6 1-0


[Site "https://www.chess.com"]

[Event "Titled Tuesday Blitz May 31 Early 2022"]
[White "Makarian, Rudik"]
[Black "Gong, Patrick"]
[WhiteFideId "44105681"]
[BlackFideId "3222500"]
[WhiteElo "2419"]
[BlackElo "2103"]
[Result "1-0"]
[Round "05"]
[TimeControl "180+1"]
[Date "2022.05.31"]
[WhiteClock "0:02:03"]
[BlackClock "0:01:18"]

1. d3 g6 2. g3 Bg7 3. Bg2 c5 4. f4 Nc6 5. Nf3 e6 6. O-O Nge7 7. e4 d5 8. c3 dxe4 9. dxe4 Qxd1 10. Rxd1 b6 11. Na3 Ba6 12. Bf1 Bxf1 13. Kxf1 Rd8 14. Be3 f5 15. e5 Nd5 16. Ke2 a6 17. Nc4 Ke7 18. Nxb6 Nxe3 19. Kxe3 h6 20. b3 g5 21. Na4 c4 22. Nc5 g4 23. Nd4 Nxd4 24. Rxd4 Rxd4 25. cxd4 c3 26. Rc1 h5 27. Rxc3 h4 28. Nxa6 Ra8 29. Rc7+ Kf8 30. Rc6 Kf7 31. b4 h3 32. b5 Bf8 33. a4 Bb4 34. Rc7+ 1-0


[Site "https://www.chess.com"]

[Event "Titled Tuesday Blitz May 31 Early 2022"]
[White "Martinez Alcantara, Jose Eduardo"]
[Black "Yilmaz, Mustafa"]
[WhiteFideId "3805662"]
[BlackFideId "6302718"]
[WhiteElo "2690"]
[BlackElo "2568"]
[Result "0-1"]
[Round "05"]
[TimeControl "180+1"]
[Date "2022.05.31"]
[WhiteClock "0:00:29"]
[BlackClock "0:00:10"]

1. e4 c5 2. Nf3 d6 3. Bb5+ Nd7 4. O-O a6 5. Bxd7+ Bxd7 6. c3 Nf6 7. Re1 e6 8. d4 cxd4 9. cxd4 d5 10. exd5 Nxd5 11. Nc3 Nxc3 12. bxc3 Be7 13. Ne5 O-O 14. Qg4 Rc8 15. Re3 f5 16. Qf3 Bc6 17. Qe2 Be4 18. Rh3 Qe8 19. Bf4 Bf6 20. Re1 b5 21. g4 g5 22. gxf5 exf5 23. Rg3 Kh8 24. Bxg5 Bxg5 25. Rxg5 Rg8 26. Rg3 Rxc3 27. Qb2 Rc2 28. Qb3 Rc7 29. f3 Rxg3+ 30. hxg3 Bb7 31. Qb4 Qg8 32. Kh2 Rc2+ 33. Kh3 Bxf3 34. Qe7 Bg4+ 35. Kh4 Rh2# 0-1


[Site "https://www.chess.com"]

[Event "Titled Tuesday Blitz May 31 Early 2022"]
[White "Matinian, Nikita"]
[Black "Sjugirov, Sanan"]
[WhiteFideId "24129100"]
[BlackFideId "4189302"]
[WhiteElo "2422"]
[BlackElo "2602"]
[Result "0-1"]
[Round "05"]
[TimeControl "180+1"]
[Date "2022.05.31"]
[WhiteClock "0:00:04"]
[BlackClock "0:00:05"]

1. e4 g6 2. d4 d6 3. Nc3 Bg7 4. Be3 a6 5. g4 b5 6. Bg2 Bb7 7. Nge2 Nf6 8. Ng3 h5 9. gxh5 Nxh5 10. a4 b4 11. Nd5 a5 12. Qg4 Nd7 13. Nxh5 Rxh5 14. Bf3 Bxd5 15. exd5 Nf6 16. Qg2 Rh8 17. h4 Kf8 18. h5 Nxh5 19. Bxh5 Rxh5 20. Rxh5 gxh5 21. O-O-O Qd7 22. Rg1 Qg4 23. Qxg4 hxg4 24. Rxg4 f6 25. Kd2 Kf7 26. Kd3 Rc8 27. c4 bxc3 28. bxc3 Rb8 29. Kc4 Rb2 30. Rg1 Rb6 31. Ra1 Rb8 32. Ra3 e6 33. dxe6+ Kxe6 34. d5+ Kd7 35. Rb3 Ra8 36. Bd4 Bh8 37. Rb1 f5 38. Rh1 Bxd4 39. Rh7+ Kc8 40. Kxd4 Kb7 41. Rf7 Re8 42. Rxf5 Re1 43. Kc4 Kb6 44. Rf8 Re4+ 45. Kb3 Kc5 46. Rc8 Kxd5 47. Rxc7 Rf4 48. Ra7 Rxf2 49. Rxa5+ Kc6 50. Ra6+ Kc5 51. Ra5+ Kc6 52. Rb5 Rf1 53. Rb4 Rb1+ 54. Ka3 Ra1+ 55. Kb2 Rf1 56. Rb8 Rf2+ 57. Kb3 Rf1 58. Rc8+ Kb7 59. Rc4 Rb1+ 60. Ka2 Rf1 61. Rb4+ Kc6 62. Kb2 Rf2+ 63. Kb3 Rf1 64. a5 Rb1+ 65. Ka2 Rc1 66. Kb2 Rg1 67. a6 Rg7 68. Ra4 Ra7 69. Kb3 Kb5 70. Rb4+ Kc6 0-1


[Site "https://www.chess.com"]